 Dungeon Crawl Stone Soup version 0.31-a0-986-g5e6e4ef867 (webtiles) character file.

Game seed: 17631058261521245232

70477 skwerlee the Earth Mage (level 15, -17/72 HPs)
             Began as a Gargoyle Earth Elementalist on Nov 12, 2023.
             Was a High Priest of Sif Muna.
             Blown up by an orb spider (65 damage)
             ... with an orb of destruction
             ... on level 1 of the Spider Nest.
             The game lasted 02:31:47 (25551 turns).

skwerlee the Earth Mage (GrEE)                     Turns: 25551, Time: 02:31:48

Health: -17/72     AC: 26    Str: 19    XL:     15   Next: 33%
Magic:  41/45      EV: 11    Int: 35    God:    Sif Muna [*****.]
Gold:   1067       SH:  0    Dex: 10    Spells: 4/48 levels left

rFire   . . .        i - staff "Xyuwkiuwn" {rPois Str+2 Ice Earth}
rCold   + . .        (no shield)
rNeg    + + .        z - +1 ring mail "Edoniqaoth" {rC+ rN+ Str+5}
rPois   ∞            H - +2 helmet
rElec   +            D - +2 cloak {Will+}
rCorr   .            c - +2 pair of gloves
SInv    .            (no boots)
Will    ++...        B - amulet of magic regeneration
Stlth   +            o - +6 ring of intelligence
HPRegen 0.32/turn    E - ring "Nuuruy" {rElec MP+9 Int+6}
MPRegen 0.69/turn

%: no passive effects
@: flying
A: sickness immunity, AC +11, big wings, negative energy resistance 1,
electricity resistance, torment resistance 1, petrification resistance, fangs 1
a: Renounce Religion, Channel Magic, Forget Spell, Divine Exegesis


You were on level 1 of the Spider Nest.
You worshipped Sif Muna.
Sif Muna was extremely pleased with you.
You visited 5 branches of the dungeon, and saw 21 of its levels.
You also visited: Ossuary.

You collected 2181 gold pieces.
You spent 1114 gold pieces at shops.

Inventory:

Hand Weapons
 k - the +6 short sword of the Vaults {freeze, rF+++ rCorr Str-3 SInv}
   (You found it on level 3 of the Dungeon)

   Str-3:     It affects your strength (-3).
   rF+++:     It renders you almost immune to fire.
   SInv:      It lets you see invisible.
   rCorr:     It protects you from acid and corrosion.
 q - a +2 vampiric hand axe
 J - the +5 quarterstaff "Wetem" {flame, rC+}
   (You took it off an orc on level 8 of the Dungeon)

   rC+:       It protects you from cold.
Armour
 c - a +2 pair of gloves (worn)
 z - the +1 ring mail "Edoniqaoth" (worn) {rC+ rN+ Str+5}
   (You found it on level 6 of the Dungeon)

   Str+5:     It affects your strength (+5).
   rC+:       It protects you from cold.
   rN+:       It protects you from negative energy.
 D - a +2 cloak of willpower (worn)
 H - a +2 helmet (worn)
Magical Staves
 i - the staff "Xyuwkiuwn" (weapon) {rPois Str+2 Ice Earth}
   (You found it on level 2 of the Dungeon)

   [staff of earth]

   Base accuracy: +5 Base damage: 5 Base attack delay: 1.2 This weapon's minimum
   attack delay (0.6) is reached at skill level 12.
   Str+2:     It affects your strength (+2).
   rPois:     It protects you from poison Ice: It increases the power of your
   Ice spells.
   Earth:     It increases the power of your Earth spells.
   It falls into the 'Staves' category.
   It is a one-handed weapon.
Jewellery
 j - a ring of resist corrosion
 o - a +6 ring of intelligence (left hand)
 w - a +5 ring of evasion
 y - a ring of wizardry
 B - an amulet of magic regeneration (around neck)
 E - the ring "Nuuruy" (right hand) {rElec MP+9 Int+6}
   (You bought it in a shop on level 3 of the Dungeon)

   [ring of intelligence]

   Int+6:     It affects your intelligence (+6).
   rElec:     It insulates you from electricity.
   MP+9:      It affects your magic capacity (+9).
 N - a ring of fire
 P - the amulet of Huaggoe {Acrobat Will- Int+2 SInv}
   (You found it on level 4 of the Lair of Beasts)

   [amulet of the acrobat]

   Acrobat:   It increases your evasion while moving and waiting.
   Int+2:     It affects your intelligence (+2).
   Will-:     It decreases your willpower.
   SInv:      It lets you see invisible.
 U - a ring of poison resistance
 V - the ring "Utwi" {rC++ rN+}
   (You found it on level 5 of the Lair of Beasts)

   [ring of positive energy]

   rC++:      It greatly protects you from cold.
   rN+:       It protects you from negative energy.
Wands
 d - a wand of polymorph (14)
 r - a wand of mindburst (29)
 u - a wand of digging (5)
 L - a wand of flame (12)
 O - a wand of paralysis (10)
 Q - a wand of iceblast (2)
Scrolls
 a - a scroll of summoning {unknown}
 e - 3 scrolls of silence
 f - 3 scrolls of revelation
 g - 2 scrolls of vulnerability
 n - a scroll of enchant weapon
 s - a scroll of fog
 v - 2 scrolls of fear
 x - a scroll of teleportation
 K - 2 scrolls of brand weapon
 M - a scroll of poison
 T - a scroll of amnesia
Potions
 b - a potion of magic
 h - a potion of curing
 l - 5 potions of mutation
 m - a potion of lignification
 p - a potion of might
 t - 2 potions of enlightenment
 A - a potion of haste
 C - a potion of invisibility {unknown}
 F - a potion of resistance
 G - 3 potions of berserk rage
 I - a potion of attraction
 R - 4 potions of ambrosia


   Skills:
 - Level 0.1 Fighting
 + Level 0.1 Short Blades
 - Level 0.3 Armour
 + Level 4.1 Dodging
 - Level 2.1 Stealth
 + Level 17.2 Spellcasting
 + Level 6.3 Conjurations
 + Level 1.4 Translocations
 + Level 3.1 Transmutations
 + Level 3.1 Ice Magic
 + Level 19.6 Earth Magic
 + Level 1.6 Invocations
 + Level 1.4 Evocations


You had 4 spell levels left.
You knew the following spells:

 Your Spells              Type           Power      Damage    Failure   Level
a - Sandblast             Erth           100%       2d20      0%          1
b - Slow                  Hex            100%       N/A       1%          1
c - Stone Arrow           Conj/Erth      100%       3d13      1%          3
d - Petrify               Tmut/Erth      100%       N/A       1%          4
e - Lee's Rapid Deconstr  Erth           64%        3d29*     1%          5
f - Blink                 Tloc           80%        N/A       1%          2
g - Frozen Ramparts       Ice            100%       1d16      1%          3
h - Iskenderun's Mystic   Conj/Tloc      55%        2d12      4%          4
i - Teleport Other        Tloc           40%        N/A       3%          3
j - Hailstorm             Conj/Ice       76%        3d16      1%          3
k - Mephitic Cloud        Conj/Pois/Air  45%        N/A       2%          3
l - Summon Ice Beast      Ice/Summ       58%        N/A       11%         4
m - Tukima's Dance        Hex            30%        N/A       6%          3
n - Freezing Cloud        Conj/Ice/Air   34%        6-21      16%         5

Your spell library contained the following spells:

 Spells                   Type           Power      Damage    Failure   Level
 Apportation              Tloc           80%        N/A       1%          1
 Kiss of Death            Conj/Necr      100%       2d13      1%          1
 Magic Dart               Conj           100%       1d8       1%          1
 Sting                    Tmut/Pois      100%       1d8       1%          1
 Lesser Beckoning         Tloc           80%        N/A       1%          2
 Passwall                 Tmut/Erth      87%        N/A       1%          2
 Searing Ray              Conj           100%       2d8       1%          2
 Ozocubu's Armour         Ice            68%        N/A       1%          3
 Animate Armour           Summ/Erth      100%       N/A       1%          4
 Brom's Barrelling Bould  Conj/Erth      100%       2d11      1%          4
 Jinxbite                 Hex            60%        N/A       3%          2
 Poisonous Vapours        Pois/Air       60%        N/A       3%          2
 Gell's Gravitas          Tloc           40%        N/A       3%          3
 Volatile Blastmotes      Fire/Tloc      70%        2d15      4%          3
 Fulminant Prism          Conj/Hex       25%        3d13      5%          4
 Confusing Touch          Hex            30%        N/A       6%          3
 Inner Flame              Hex/Fire       30%        N/A       6%          3
 Sigil of Binding         Hex            30%        N/A       6%          3
 Vampiric Draining        Necr           30%        2d8       6%          3
 Manifold Assault         Tloc           40%        N/A       11%         4
 Passage of Golubria      Tloc           40%        N/A       11%         4
 Dimensional Bullseye     Hex/Tloc       17%        N/A       16%         4
 Vhi's Electric Charge    Tloc/Air       70%        N/A       16%         4
 Cause Fear               Hex            15%        N/A       21%         4
 Dispel Undead            Necr           30%        3d14      21%         4
 Olgreb's Toxic Radiance  Pois           30%        N/A       21%         4
 Summon Lightning Spire   Summ/Air       30%        N/A       21%         4
 Irradiate                Conj/Tmut      29%        3d21      9%          5
 Arcjolt                  Conj/Air       25%        1d35      16%         5
 Fireball                 Conj/Fire      25%        3d11      16%         5
 Alistair's Intoxication  Tmut/Pois      27%        N/A       28%         5
 Metabolic Englaciation   Hex/Ice        29%        N/A       30%         5
 Yara's Violent Unravell  Hex/Tmut       20%        3d9       30%         5
 Shatter                  Erth           64%        3d48*     54%         9
 Dispersal                Tloc           20%        N/A       86%         6
 Simulacrum               Ice/Necr       29%        N/A       86%         6
 Enfeeble                 Hex            15%        N/A       100%        7
 Disjunction              Tloc           20%        N/A       100%        8
 Maxwell's Capacitive Co  Air            15%        ∞         100%        8
 Dragon's Call            Summ           15%        N/A       100%        9


Dungeon Overview and Level Annotations

Branches:
Dungeon (12/15)            Temple (1/1) D:4            Lair (5/5) D:10
 Shoals (0/4) Lair:3       Spider (1/4) Lair:3        Slime (0/5) Lair:4
    Orc (2/2) D:11            Elf (0/3) Orc:2       Ossuary (visited)

Altars:
Ashenzari
Cheibriados
Dithmenos
Elyvilon
Fedhas
Gozag
Hepliaklqana
Kikubaaqudgha
Makhleb
Nemelex Xobeh
Okawaru
Qazlal
Ru
Sif Muna
Trog
Uskayaw
Vehumet
Wu Jian
Xom
Yredelemnul
Zin
The Shining One
Jiyva
Lugonu

Shops:
D:3 =*[   D:10 :   D:12 [   Orc:1 [

Annotations:
Lair:3 3 runed translucent doors, DoNotCum's ghost, journeyman DECj
Spider:1 1 runed translucent door, Efitz's ghost, adept DECj
Orc:2 Saint Roka


Innate Abilities, Weirdness & Mutations

You are immune to sickness and miasma.
Your stone body is resilient. (AC +11)
You are immune to poison.
Your large and strong wings let you fly.
You resist negative energy. (rN+)
You are resistant to electric shocks. (rElec)
You are resistant to unholy torment.
You are immune to petrification.
You have very sharp teeth.


Message History

The redback bites you but does no damage.
Your ice beast hits the redback.
Your ice beast freezes the redback!
Aiming: Sandblast (safe; 0% risk of failure)
Press: ? - help, Q - select action, (/) - cycle Shift-Dir - straight line, f - redback
Aim: a redback (heavily wounded, ally target, 82% to hit)
You feel a surge of power!
The blast of sand hits the redback!!
You kill the redback!
Sif Muna accepts your kill.
You start resting.
An orb spider is nearby!
Casting: Sandblast (safe; 0% risk of failure)
Confirm with . or Enter, or press ? or * to list all spells.
You can't see any susceptible monsters within range! (Use Z to cast anyway.) Unknown command.
Aiming: Sandblast (safe; 0% risk of failure)
Press: ? - help, Q - select action, (/) - cycle Shift-Dir - straight line, f - orb spider
Aim: an orb spider (ally target, 85% to hit)
Okay, then.
The orb spider pulsates with a strange energy.
Your ice beast hits the orb spider but does no damage.
Aiming: Sandblast (safe; 0% risk of failure)
Press: ? - help, Q - select action, (/) - cycle Shift-Dir - straight line, f - orb spider
Aim: an orb spider (fully charged, ally target, 85% to hit)
You feel a surge of power!
Okay, then.
Your ice beast misses the orb spider.
Aiming: Sandblast (safe; 0% risk of failure)
Press: ? - help, Q - select action, (/) - cycle Shift-Dir - straight line, f/p - orb spider
Aim: an orb spider (fully charged, ally target, 85% to hit)
You feel a surge of power!
The blast of sand hits the orb spider!!
The orb spider is heavily wounded.
The orb spider weaves a glowing orb of energy.
Your ice beast closely misses the orb spider.
An orb of destruction comes into view.
The orb spider pulsates with a strange energy.
Your ice beast hits the orb spider.
Your ice beast freezes the orb spider!!
Your ice beast closely misses the orb spider.
The orb of destruction hits you!!!
Ouch! That really hurt!
You die...

#.......##
#######.
##^......##
#.
###......#
#.
####......#
##
#..###....#
#
#..^##....#
#...#....##
#...#....##
#...##@...#
#...○☼....#
#^..○....##
#..°Y..###
#..s####
#... ##..
##. ..


You could see an orb spider (charged, ally target) and a friendly ice beast
(summoned).

Vanquished Creatures
  Gastronok (Lair:3)
  An emperor scorpion (Spider:1)
  2 orc warlords
  A spark wasp (Spider:1)
  Josephine (D:10)
  Fannar (D:10)
  A hydra (Lair:4)
  A catoblepas (Lair:4)
  2 boulder beetles
  2 two-headed ogres
  4 demonic crawlers (Spider:1)
  4 death yaks
  An orc high priest (Orc:1)
  3 skysharks (Lair:5)
  3 goliath frogs (Lair:5)
  An orb spider (Spider:1)
  Pikel (D:6)
  An orc knight (Orc:1)
  A deep elf pyromancer (D:12)
  An orc sorcerer (Orc:1)
  A wolf spider (Lair:4)
  2 ugly things
  10 elephants
  4 black mambas
  A manticore (D:11)
  A merfolk siren (Lair:3)
  Joseph (D:10)
  18 cane toads
  A torpor snail (Lair:5)
  2 gargoyles
  2 unseen horrors
  5 rime drakes
  Maggie (D:10)
  8 komodo dragons
  5 trolls
  2 queen bees
  3 meliai (Lair:4)
  A tyrant leech (Lair:5)
  2 hornets
  2 tarantellas (Spider:1)
  30 blink frogs
  6 dream sheep (Lair:4)
  3 culicivoras
  2 jumping spiders
  2 shadows
  40 yaks
  9 wyverns
  5 wraiths
  4 basilisks
  Grum (D:10)
  A steam dragon (Lair:4)
  11 vampire mosquitoes
  4 redbacks (Spider:1)
  3 wargs (Orc:1)
  2 acid dragons
  13 water moccasins
  2 black bears
  A swamp drake (D:11)
  A sky beast (D:8)
  23 orc warriors
  An ogre (Orc:1)
  11 centaurs
  28 wolves
  4 lemures
  A kobold brigand (D:9)
  12 bullfrogs
  A scorpion (D:4)
  2 gnoll sergeants
  33 killer bees (Lair:4)
  A howler monkey (D:9)
  6 electric eels (D:6)
  A lava snake (D:9)
  7 jellies
  A centaur zombie (Ossuary)
  4 hounds
  Crazy Yiuf (D:6)
  12 orc priests
  6 iguanas
  Terence (D:2)
  11 orc wizards
  2 mummies (Ossuary)
  Robin (D:2)
  16 gnolls
  5 adders
  A river rat (Lair:4)
  A shadow imp (D:7)
  3 white imps
  A worm (D:5)
  A dart slug (D:1)
  65 orcs
  8 endoplasms
  2 giant cockroaches
  11 hobgoblins
  4 jackals
  5 ball pythons
  5 bats
  2 frilled lizards (D:3)
  3 gnoll zombies (Ossuary)
  19 goblins
  2 goblin zombies (Ossuary)
  5 hobgoblin zombies (Ossuary)
  12 kobolds
  3 orc zombies (Ossuary)
  9 rats
  A spectral orc (D:4)
599 creatures vanquished.

Vanquished Creatures (collateral kills)
  A moth of wrath (Spider:1)
  A tarantella (Spider:1)
2 creatures vanquished.

Vanquished Creatures (others)
  A culicivora (Spider:1)
1 creature vanquished.

Grand Total: 602 creatures vanquished

Notes
Turn   | Place    | Note
-------+----------+-------------------------------------------
     0 | D:1      | skwerlee the Gargoyle Earth Elementalist began the quest
                  | for the Orb.
     0 | D:1      | Reached XP level 1. HP: 10/10 MP: 3/3
   127 | D:1      | Reached XP level 2. HP: 15/15 MP: 0/5
   215 | D:1      | Reached skill level 4 in Earth Magic
   451 | D:1      | Reached XP level 3. HP: 19/19 MP: 3/6
   664 | D:1      | Learned a level 2 spell: Passwall
  1673 | D:2      | Reached XP level 4. HP: 7/24 MP: 2/8
  1951 | D:2      | Noticed Robin
  1971 | D:2      | Killed Robin
  2107 | D:2      | Identified the staff "Xyuwkiuwn" {rPois Str+2 Ice Earth}
  2278 | D:2      | Noticed Terence
  2290 | D:2      | Killed Terence
  2291 | D:2      | Reached skill level 5 in Earth Magic
  2291 | D:2      | Reached XP level 5. HP: 17/28 MP: 3/10
  2561 | D:3      | Learned a level 3 spell: Stone Arrow
  2572 | D:3      | Identified the +6 short sword of the Vaults {freeze, rF+++
                  | rCorr Str-3 SInv}
  2750 | D:3      | Found Wassila's Antique Armour Boutique.
  3036 | D:3      | Found Gonioset's Jewellery Shop.
  3114 | D:3      | Found Xilyotim's General Store.
  3190 | D:4      | Found a staircase to the Ecumenical Temple.
  3261 | Temple   | Entered the Ecumenical Temple
  3281 | Temple   | Became a worshipper of Sif Muna the Loreminder
  3355 | D:3      | Bought a slimy robe for 125 gold pieces
  3355 | D:3      | Identified the +1 robe "Ugaukhem" {-Tele Slay+2 SInv} (You
                  | bought it in a shop on level 3 of the Dungeon)
  3493 | D:4      | Reached XP level 6. HP: 32/32 MP: 10/12
  3521 | D:4      | Found a blossoming altar of Fedhas.
  3563 | D:4      | Found a basalt altar of Yredelemnul.
  3786 | D:4      | Reached skill level 6 in Earth Magic
  4099 | D:5      | Entered Level 5 of the Dungeon
  4150 | D:5      | Reached skill level 5 in Spellcasting
  4150 | D:5      | Reached XP level 7. HP: 36/36 MP: 12/14
  4156 | D:5      | Reached * piety under Sif Muna
  4267 | D:5      | Gained mutation: You have very sharp teeth. [potion of
                  | mutation]
  4267 | D:5      | Gained mutation: Your spells are a little easier to cast,
                  | but a little less powerful. [potion of mutation]
  4267 | D:5      | Lost mutation: Your spells are a little easier to cast, but
                  | a little less powerful. [potion of mutation]
  4336 | D:5      | Reached skill level 7 in Earth Magic
  4457 | D:5      | Reached XP level 8. HP: 41/41 MP: 14/17
  4758 | D:5      | Found a sparkling altar of Nemelex Xobeh.
  4819 | D:5      | Found an iron altar of Okawaru.
  5138 | D:5      | Found an ancient bone altar of Kikubaaqudgha.
  5142 | D:5      | Found a snail-covered altar of Cheibriados.
  5199 | D:6      | Identified the +1 ring mail "Edoniqaoth" {rC+ rN+ Str+5}
  5255 | D:6      | Reached skill level 8 in Earth Magic
  5333 | D:6      | Noticed Pikel
  5513 | D:5      | Learned a level 4 spell: Petrify
  5689 | D:6      | Killed Pikel
  5690 | D:6      | Reached skill level 9 in Earth Magic
  5804 | D:6      | Found a sand-covered staircase.
  5809 | Ossuary  | Entered an ossuary
  5859 | Ossuary  | Reached ** piety under Sif Muna
  6190 | D:3      | Bought a ring of wizardry for 300 gold pieces
  6197 | D:3      | Learned a level 5 spell: Lee's Rapid Deconstruction
  6200 | D:3      | Learned a level 2 spell: Blink
  6325 | D:6      | Found a runed translucent door.
  6326 | D:6      | Noticed Crazy Yiuf
  6348 | D:6      | Reached XP level 9. HP: 45/45 MP: 17/20
  6466 | D:6      | Found a shadowy altar of Dithmenos.
  6603 | D:6      | Noticed a hornet
  6605 | D:6      | Killed a hornet
  6690 | D:6      | Reached skill level 10 in Earth Magic
  7186 | D:6      | Killed Crazy Yiuf
  7187 | D:6      | Reached skill level 1 in Conjurations
  7813 | D:7      | Found a bloodstained altar of Trog.
  7847 | D:7      | Reached *** piety under Sif Muna
  7937 | D:7      | Found a shimmering altar of Xom.
  8508 | D:8      | Reached skill level 11 in Earth Magic
  8517 | D:8      | Reached XP level 10. HP: 50/50 MP: 9/23
  8632 | D:8      | Found a radiant altar of Vehumet.
  8711 | D:8      | Found a hazy altar of Hepliaklqana.
  8864 | D:8      | Found a glowing silver altar of Zin.
  8880 | D:8      | Found a stormy altar of Qazlal.
  8989 | D:8      | Identified the +5 quarterstaff "Wetem" {flame, rC+}
  9563 | D:9      | Reached skill level 12 in Earth Magic
  9616 | D:8      | Reached skill level 10 in Spellcasting
  9889 | D:9      | Learned a level 3 spell: Frozen Ramparts
 10122 | D:9      | Found a hide-covered altar of Uskayaw.
 10204 | D:10     | Entered Level 10 of the Dungeon
 10209 | D:10     | Identified a scroll of acquirement
 10209 | D:10     | Acquired a book of the Dragon
 10224 | D:10     | Noticed a gargoyle
 10226 | D:10     | Killed a gargoyle
 10227 | D:10     | Reached skill level 1 in Evocations
 10227 | D:10     | Noticed Josephine
 10323 | D:10     | Killed Josephine
 10324 | D:10     | Reached skill level 13 in Earth Magic
 10324 | D:10     | Reached XP level 11. HP: 41/54 MP: 12/26
 10399 | D:10     | Learned a level 3 spell: Ozocubu's Armour
 10485 | D:10     | Noticed a green ugly thing
 10490 | D:10     | Noticed Joseph
 10493 | D:10     | Killed a green ugly thing
 10497 | D:10     | Killed Joseph
 10497 | D:10     | Reached **** piety under Sif Muna
 10580 | D:10     | Found Hoatro's Book Emporium.
 10628 | D:10     | Learned a level 2 spell: Passwall
 10719 | D:10     | Found a glowing golden altar of the Shining One.
 10730 | D:10     | Noticed a two-headed ogre
 10747 | D:10     | Killed a two-headed ogre
 10748 | D:10     | Reached skill level 1 in Transmutations
 10933 | D:10     | Noticed Fannar
 11060 | D:10     | Found a staircase to the Lair.
 11249 | D:10     | Noticed Maggie
 11257 | D:10     | Reached skill level 14 in Earth Magic
 11257 | D:10     | Killed Maggie
 11455 | D:11     | Noticed a manticore
 11463 | D:11     | Killed a manticore
 11683 | D:11     | Reached skill level 1 in Ice Magic
 11799 | D:11     | Noticed a red ugly thing
 11836 | D:11     | Killed a red ugly thing
 12215 | D:11     | Noticed an orc warlord
 12305 | D:11     | Reached skill level 1 in Invocations
 12380 | D:11     | Found a staircase to the Orcish Mines.
 12951 | D:10     | Noticed Grum
 12962 | D:10     | Reached XP level 12. HP: 59/59 MP: 24/28
 12967 | D:10     | Killed Grum
 13025 | D:10     | Killed Fannar
 13203 | D:14     | Identified the "Hetaront"
 13203 | Lair:1   | Entered Level 1 of the Lair of Beasts
 13210 | Lair:1   | Reached skill level 15 in Earth Magic
 13781 | Lair:1   | Learned a level 3 spell: Teleport Other
 13785 | Lair:1   | Learned a level 3 spell: Hailstorm
 13789 | Lair:1   | Learned a level 3 spell: Mephitic Cloud
 13947 | Lair:1   | Found an ancient bone altar of Kikubaaqudgha.
 14578 | Lair:2   | Reached skill level 16 in Earth Magic
 14965 | Lair:2   | Found a hide-covered altar of Uskayaw.
 14965 | Lair:2   | Found an ornate altar of the Wu Jian Council.
 14965 | Lair:2   | Noticed a boulder beetle
 14978 | Lair:2   | Killed a boulder beetle
 15983 | Lair:3   | Noticed Gastronok
 16203 | Lair:3   | Learned a level 4 spell: Summon Ice Beast
 16358 | D:3      | Bought the ring "Nuuruy" {rElec MP+9 Int+6} for 689 gold
                  | pieces
 16518 | Lair:3   | Found a runed translucent gate.
 16518 | Lair:3   | Found a runed translucent gate.
 16518 | Lair:3   | Found a runed translucent gate.
 16520 | Lair:3   | Noticed an 11-headed hydra
 16522 | Lair:3   | Noticed DoNotCum's ghost (journeyman DECj)
 16522 | Lair:3   | Noticed a 12-headed hydra
 16533 | Lair:3   | Reached XP level 13. HP: 29/63 MP: 31/31
 16650 | Lair:3   | Found a hole to the Spider Nest.
 17455 | Lair:3   | Found a staircase to the Shoals.
 17623 | Lair:3   | Killed Gastronok
 17891 | Lair:4   | Reached skill level 17 in Earth Magic
 18547 | Lair:4   | Found a viscous altar of Jiyva.
 18547 | Lair:4   | Found a staircase to the Slime Pits.
 18942 | Lair:4   | Reached skill level 15 in Spellcasting
 19012 | Lair:4   | Identified the amulet of Huaggoe {Acrobat Will- Int+2 SInv}
 19496 | Lair:4   | Reached ***** piety under Sif Muna
 20022 | Lair:5   | Entered Level 5 of the Lair of Beasts
 20248 | Lair:5   | Gained mutation: Your large and strong wings let you fly.
                  | [Gargoyle growth]
 20248 | Lair:5   | Reached XP level 14. HP: 61/68 MP: 23/33
 20341 | Lair:4   | Learned a level 1 spell: Slow
 20356 | Lair:4   | Reached skill level 18 in Earth Magic
 21053 | Lair:5   | Reached skill level 5 in Conjurations
 22265 | Lair:5   | Identified the ring "Utwi" {rC++ rN+}
 22500 | D:12     | Received a gift from Sif Muna
 22977 | D:12     | Found Jerchiag's Armour Shoppe.
 23248 | Orc:1    | Entered Level 1 of the Orcish Mines
 23275 | Orc:1    | Reached skill level 19 in Earth Magic
 23276 | Orc:1    | Noticed an orc warlord
 23489 | D:11     | Killed an orc warlord
 23490 | D:11     | Reached skill level 1 in Translocations
 23602 | Orc:1    | Found Malit's Armour Boutique.
 23722 | Orc:1    | Reached XP level 15. HP: 72/72 MP: 35/35
 23823 | Orc:1    | Learned a level 4 spell: Iskenderun's Mystic Blast
 23999 | Orc:1    | Noticed an orc warlord
 24024 | Orc:1    | Killed an orc warlord
 24184 | Orc:2    | Entered Level 2 of the Orcish Mines
 24300 | Orc:2    | Found a staircase to the Elven Halls.
 24344 | Orc:2    | Noticed Saint Roka
 24615 | Spider:1 | Entered Level 1 of the Spider Nest
 24619 | Spider:1 | Noticed an emperor scorpion
 24631 | Spider:1 | Killed an emperor scorpion
 24760 | Spider:1 | Learned a level 3 spell: Tukima's Dance
 25121 | Spider:1 | Found a runed translucent door.
 25123 | Spider:1 | Noticed Efitz's ghost (adept DECj)
 25129 | Spider:1 | Found a shimmering altar of Xom.
 25148 | Spider:1 | Learned a level 5 spell: Freezing Cloud
 25440 | Spider:1 | Identified the of Caniecyv (Sif Muna gifted it to you on
                  | level 1 of the Spider Nest)
 25440 | Spider:1 | Received a gift from Sif Muna
 25551 | Spider:1 | Blown up by an orb spider

Illustrated notes

Levels and vault maps discovered:
D:1:      dpeg_arrival_houses_and_road, layout_basic, st_stairs_14
D:2:      layout_basic, uniq_robin, uniq_terence
D:3:      layout_rooms, serial_shops, nicolae_shop_rolling_square,
          nicolae_shop_statue_plus, nicolae_shop_back_alley_shop,
          serial_bayou_ford_a
D:4:      layout_loops_ring, fedhas_altar_3,
          yredelemnul_forgotten_temple_becter, minmay_temple_entry_overgrown
D:5:      layout_loops_ring, grunt_temple_overflow_open,
          minmay_misc_feat_secret_circle
D:6:      cheibrodos_two_vegetables, layout_cave_pools, old_standard_altar,
          enter_ossuary_2, nicolae_elevator_lobby_asterisk, uniq_pikel,
          uniq_crazy_yiuf_cottage
D:7:      layout_basic, mainiacjoe_overflow_catch_the_wave
D:8:      layout_loops_ring, nzn_hepliaklqana_mist_gate,
          mainiacjoe_overflow_paths, nicolae_overflow_crystal_walls,
          kennysheep_mini_moat, kennysheep_generic_room_16
D:9:      layout_cave_pools, nicolae_uskayaw_suspiria
D:10:     layout_small_grid, tso_metal_star, david_lair_shrubbed, serial_shops,
          nicolae_shop_statue_plus, uniq_grum, uniq_josephine, uniq_fannar,
          uniq_joseph, uniq_maggie
D:11:     layout_basic, erik_orc_1, serial_glass, glass_columns_a,
          glass_columns_a, glass_columns_a, glass_columns_c, glass_columns_a,
          glass_columns_a, wad_dig_loot
D:12:     layout_loops_cross, serial_shops, shop
Temple:   corrupted_temple
Lair:1:   layout_loops_ring, basic_altar, chequers_serial_rivers_small_b,
          serial_bayou_lagoon_b, infiniplex_staircase_pool
Lair:2:   layout_chaotic_city, nzn_masters_of_martial_movement
Lair:3:   layout_misc_corridors, minmay_shoals_entry_lonely_mermaid,
          spider_nest_entry_funnel_web, gammafunk_ghost_hydra_chop,
          uniq_gastronok
Lair:4:   regret_index_bee_streams, layout_big_grid, slime_entry_1,
          nicolae_lair_run_with_the_wolves, lemuel_fruit_tree,
          lemuel_fruit_fields
Lair:5:   minmay_lair_end_frog_pond, layout_regular_city
Spider:1: layout_spider_delve, ebering_ghost_xom,
          nicolae_spider_rock_and_or_roll
Orc:1:    cheibrodos_orc_arena, layout_caves, serial_shops,
          nicolae_shop_statue_plus
Orc:2:    st_orc_congregation, layout_caves, uniq_rupert, uniq_urug,
          uniq_saint_roka

Skill      XL: |  1  2  3  4  5  6  7  8  9 10 11 12 13 14 15 |
---------------+----------------------------------------------+-----
Earth Magic    | 4 5 6 7 9 11 13 14 16 17 19 | 19.6
Dodging        | 2 3 4 |  4.1
Spellcasting   | 3 4 5 6 7 9 11 12 14 15 16 17 | 17.2
Conjurations   | 1 3 6 |  6.3
Evocations     | 1 |  1.4
Transmutations | 2 3 |  3.1
Ice Magic      | 1 2 3 |  3.1
Invocations    | 1 |  1.6
Translocations | 1 |  1.4
Fighting       | |  0.1
Short Blades   | |  0.1
Armour         | |  0.3
Stealth        | |  2.1

Action                     |  1- 3 |  4- 6 |  7- 9 | 10-12 | 13-15 || total
---------------------------+-------+-------+-------+-------+-------++-------
  Melee: Club              |     4 |       |       |       |       ||     4
         Short sword       |       |    13 |       |       |       ||    13
         Staff             |       |     1 |       |     1 |       ||     2
   Cast: Sandblast         |    43 |    82 |   120 |   397 |   218 ||   860
         Passwall          |     3 |       |       |     2 |       ||     5
         Stone Arrow       |       |       |    24 |       |   289 ||   313
         Lee's Rapid Decon |       |       |     4 |    27 |    93 ||   124
         Petrify           |       |       |     1 |    20 |    45 ||    66
         Frozen Ramparts   |       |       |       |    14 |    28 ||    42
         Blink             |       |       |       |     3 |     6 ||     9
         Ozocubu's Armour  |       |       |       |     3 |       ||     3
         Hailstorm         |       |       |       |     1 |    12 ||    13
         Summon Ice Beast  |       |       |       |       |     6 ||     6
         Mephitic Cloud    |       |       |       |       |     1 ||     1
         Iskenderun's Myst |       |       |       |       |     1 ||     1
 Invoke: Channel Magic     |       |       |       |     4 |     2 ||     6
         Forget Spell      |       |       |       |     2 |       ||     2
  Evoke: Wand              |       |       |     4 |     3 |     1 ||     8
    Use: Potion            |       |     1 |     3 |     5 |     3 ||    12
         Scroll            |       |       |     6 |    17 |    13 ||    36
 Armour: Robe              |    17 |    19 |    26 |       |       ||    62
         Ring mail         |       |       |    56 |   258 |   399 ||   713
  Dodge: Dodged            |    24 |    21 |    80 |   258 |   215 ||   598

Table legend: (Time is in decaauts)
 A = Elapsed time spent in this place.
 B = Non-inter-level travel time spent in this place.
 C = Inter-level travel time spent in this place.
 D = Time resting spent in this place.
 E = Time spent auto-exploring this place.
 F = Levels seen in this place.
 G = Mean time per level.
                   A        B        C        D        E       F      G
               +--------+--------+--------+--------+--------+-----+--------+
         Total |  26041 |  24590 |   1451 |   8780 |  10660 |  22 | 1183.7 |
       Dungeon |  14558 |  13513 |   1045 |   4170 |   6734 |  12 | 1213.2 |
        Temple |     33 |     22 |     11 |      0 |      0 |   1 |   33.0 |
          Lair |   9359 |   8991 |    368 |   3830 |   3309 |   5 | 1871.8 |
   Spider Nest |    798 |    798 |      0 |    311 |    256 |   1 |  798.0 |
  Orcish Mines |    979 |    953 |     26 |    276 |    360 |   2 |  489.5 |
       Ossuary |    310 |    310 |      0 |    192 |      1 |   1 |  310.0 |
               +--------+--------+--------+--------+--------+-----+--------+

Top non-repeatable levels by time:
  Lair:4: 2756 daAuts
    D:11: 1992 daAuts
  Lair:3: 1950 daAuts
  Lair:2: 1784 daAuts
    D:10: 1648 daAuts
     D:6: 1533 daAuts
  Lair:5: 1448 daAuts
  Lair:1: 1419 daAuts
     D:8: 1385 daAuts
     D:1: 1359 daAuts
     D:5: 1338 daAuts
     D:2: 1199 daAuts
     D:4: 1008 daAuts
     D:7: 903 daAuts
   Orc:1: 838 daAuts
